Map: Central Protocol

Players

lesha

  • Race: Terran Terran
  • League: Silver

RubiSIO - Winner!

  • Race: Terran Terran
  • League: Gold

VOD

Have the link to the VOD?

Description

Time

  • Played on: Jan. 1, 2016, 8:06 a.m.
  • Length: 26:19
Show
View Real Time Build Order
Export as new Build Order

lesha Terran 

Build Orders: Reaper Expand 

Get SALT Encoding   

  12  0:01  SCV  
  13  0:14  SCV  
  14  0:22  Supply Depot  
  14  0:26  SCV  
  15  0:44  SCV  
  15  0:46  Barracks  
  16  0:53  Refinery  
  16  0:56  SCV  
  17  1:08  SCV  
  18  1:20  SCV  
  19  1:32  Orbital Command  
  19  1:36  Reaper  
  20  1:43  Command Center  
  20  1:59  SCV  
  21  2:03  Supply Depot  
  21  2:09  Barracks Reactor  
  21  2:21  Refinery, Barracks  
  21  2:22  SCV  
  22  2:34  SCV  
  23  2:46  SCV  
  24  2:52  Barracks  
  24  2:53  Marine x2  
  24  2:55  Factory  
  26  2:58  SCV  
  27  3:07  SCV  
  27  3:10  SCV  
  27  3:11  Marine x2  
  31  3:19  SCV  
  32  3:23  SCV  
  33  3:33  SCV  
  34  3:35  SCV  
  34  3:40  Marine x2  
  36  3:44  Barracks Reactor  
  36  3:45  Barracks Tech Lab  
  36  3:46  Factory Tech Lab  
  36  3:56  Starport  
  36  3:57  Barracks  
  36  4:09  SCV  
  37  4:12  Marine x2  
  37  4:13  Marauder  
  37  4:15  Siege Tank  
  44  4:24  SCV  
  44  4:27  Orbital Command  
  45  4:32  Marine  
  46  4:39  Supply Depot, Starport Reactor  
  46  4:41  Stimpack  
  46  4:50  Supply Depot  
  46  4:58  Marine  
  46  4:59  SCV  
  48  5:00  Marine x3  
  48  5:02  Marauder  
  53  5:09  Engineering Bay  
  53  5:11  SCV x2  
  55  5:16  Engineering Bay  
  55  5:20  Marine  
  55  5:21  Marine  
  57  5:23  SCV x2  
  57  5:25  Medivac x2  
  57  5:28  Barracks Reactor  
  63  5:43  Missile Turret  
  63  5:44  Missile Turret  
  63  5:48  Missile Turret x2  
  63  5:56  SCV x2  
  65  5:57  Marine x2  
  65  5:59  Missile Turret  
  65  6:01  Missile Turret  
  65  6:03  Marine x2  
  69  6:04  Missile Turret  
  69  6:06  Missile Turret  
  69  6:08  SCV  
  70  6:15  Supply Depot  
  70  6:16  Supply Depot  
  70  6:32  Terran Infantry Weapons Level 1  
  70  6:33  Terran Infantry Armor Level 1  
  70  6:36  SCV, Marine x7  
  78  6:43  Medivac  
  78  6:44  Medivac  
  82  6:52  Refinery x2  
  82  6:54  Marine x2  
  75  7:23  Marine x5  
  75  7:24  Marine  
  81  7:35  SCV x2  
  81  7:36  Marine  
  84  7:39  Command Center  
  84  7:41  Marine  
  85  7:47  SCV x2  
  87  7:53  Command Center  
  87  7:55  Barracks  
  87  7:57  Marine x4  
  91  8:06  Armory  
  91  8:08  Marauder  
  93  8:19  Marine x2  
  94  8:20  Marine x4  
  94  8:25  Siege Tank  
  102  8:40  SCV  
  102  8:41  SCV  
  104  8:43  Barracks, Marine x3  
  104  8:44  Barracks Tech Lab, Marine x2  
  104  8:45  Marine  
  110  8:53  SCV x2  
  112  8:57  Orbital Command  
  112  9:05  SCV x2  
  114  9:17  SCV  
  113  9:41  Barracks  
  113  9:47  SCV x3  
  113  9:48  SCV  
  117  9:52  Marine  
  117  9:53  Marine x6  
  117  9:55  Marauder  
  102  10:12  Marauder  
  93  10:16  Marauder  
  72  10:24  Marine x5  
  72  10:27  Marine  
  78  10:33  Marauder  
  80  10:38  Marauder  
  80  10:42  Marine x3  
  85  10:47  Barracks  
  85  10:48  Barracks x2  
  85  10:49  Barracks  
  85  10:50  Barracks  
  85  10:51  Barracks  
  85  10:52  Supply Depot  
  85  10:53  Supply Depot x2  
  85  10:54  Supply Depot, Terran Infantry Weapons Level 2  
  85  10:55  Terran Infantry Armor Level 2  
  85  10:56  Supply Depot  
  85  10:58  Marine  
  85  10:59  Marine x3  
  85  11:00  Marauder  
  85  11:04  Thor  
  97  11:14  Marine x3  
  97  11:16  Marine x2  
  97  11:17  Marauder  
  104  11:21  Marauder  
  104  11:25  SCV x3  
  110  11:26  Orbital Command  
  97  11:36  Marine  
  97  11:37  Marine x5  
  97  11:39  Marauder  
  105  11:43  Marauder  
  107  11:47  Siege Tank  
  110  11:54  Marine x2  
  110  11:55  Marine  
  110  12:00  Marauder  
  115  12:08  Barracks Tech Lab x6  
  114  12:12  Command Center, SCV x4  
  114  12:13  Marauder  
  114  12:14  Marine x4  
  114  12:15  Marine  
  124  12:21  Marauder  
  126  12:24  SCV  
  127  12:35  Marauder  
  127  12:36  Supply Depot  
  129  12:39  Supply Depot  
  129  12:43  Marauder  
  131  12:46  Refinery  
  131  12:49  Refinery, Marauder  
  131  12:50  Marauder x5  
  143  12:51  Marine  
  143  12:52  Marine  
  143  12:56  Marauder  
  147  12:59  Supply Depot  
  147  13:04  Marauder  
  149  13:11  Marauder x5  
  149  13:12  SCV x4  
  163  13:24  SCV  
  163  13:31  Marauder x3  
  163  13:32  Marauder x2  
  163  13:33  Marine x6, Marauder x3  
  184  13:49  Siege Tank  
  184  13:52  Marauder x3  
  184  13:54  SCV, Marauder x3  
  200  14:07  Terran Infantry Weapons Level 3, Terran Infantry Armor Level 3  
  200  14:10  Concussive Shells  
  200  14:11  Combat Shields  
  200  14:14  Barracks Tech Lab  
  200  14:18  Barracks Reactor  
  176  14:45  Marauder x5  
  141  14:46  Marauder x4  
  141  14:47  Marine x3  
  141  14:48  Marine  
  117  14:58  Marine x3  
  117  14:59  Marine  
  121  15:00  Medivac x2  
  121  15:05  Marine  
  121  15:06  Marauder x3  
  121  15:07  Marauder x3  
  138  15:11  SCV x3  
  141  15:14  Orbital Command  
  141  15:18  Marauder x3  
  147  15:28  Marauder x6  
  146  15:30  Medivac  
  144  15:39  Marauder x2  
  144  15:40  Marauder  
  139  15:57  Marauder x4  
  139  15:58  Marauder x2  
  139  16:00  Marine x3  
  139  16:01  Marauder x2, Marine x2  
  157  16:08  Marauder  
  159  16:11  Command Center  
  159  16:17  Command Center  
  159  16:39  SCV x3  
  151  16:51  SCV x3  
  81  17:05  Marine x5  
  81  17:06  Marine x3  
  81  17:07  Marauder x7  
  81  17:08  Marauder x2  
  95  17:21  SCV x3  
  98  17:24  Orbital Command  
  98  17:28  Marine, Marauder x3  
  98  17:29  Marine x5  
  110  17:33  SCV x3  
  110  17:35  Marauder  
  115  17:39  Refinery x2  
  115  17:43  Marine  
  115  17:44  Marine x3  
  116  17:45  SCV  
  121  17:51  Marauder x2  
  121  17:54  Marine  
  122  18:03  Marine x3  
  122  18:04  Marine  
  126  18:12  Marine x5  
  128  18:15  SCV x3  
  128  18:16  SCV x2  
  124  18:27  SCV x2  
  124  18:28  SCV  
  113  18:42  Medivac x2  
  113  18:44  Marine x8  
  113  18:45  Marine x2  
  113  18:46  Marauder x6  
  113  18:47  Marauder  
  141  19:03  Marauder, Marine x8  
  141  19:04  Marine  
  141  19:07  Marine x2  
  154  19:10  SCV  
  154  19:11  SCV x4  
  159  19:17  Refinery  
  159  19:19  Refinery  
  159  19:23  Refinery x2  
  159  19:24  Marine x2  
  159  19:25  Marine  
  140  19:59  Marine  
  122  20:10  Marine x3  
  122  20:11  Marine x5  
  122  20:12  Marauder, Widow Mine  
  122  20:13  Marauder  
  122  20:14  Marauder x2  
  140  20:19  Marauder  
  135  20:28  Marauder x2  
  137  20:34  SCV  
  137  20:35  SCV  
  139  20:37  SCV x2  
  139  20:40  Widow Mine  
  142  21:08  Command Center  
  129  21:13  Marine x4  
  129  21:15  Marauder x2  
  137  21:22  Command Center  
  129  21:38  Marine x3  
  129  21:39  Marauder x2, Marine  
  140  21:40  Marauder x6  
  146  21:55  Medivac x2  
  146  21:57  Marauder  
  146  22:01  Marauder x3  
  158  22:02  SCV x2  
  160  22:28  Marine x6  
  160  22:29  Marine  
  173  22:30  Marauder x6  
  173  22:31  Marauder  
  173  22:35  Marauder  
  173  22:36  Marauder  
  136  23:33  Marine x4  
  111  23:34  Marauder x4  
  111  23:35  Marauder x5  
  111  23:39  Marine x4  
  131  23:43  Medivac x2  
  135  23:51  Marine x4  
  141  23:55  Marauder  
  141  23:56  Marauder x7  
  141  23:57  Marine x4, Marauder  
  157  24:08  Marine x2  
  157  24:09  Marine x2  
  159  24:13  Medivac x2  
  159  24:15  Marine x3  
  170  24:17  Marine, Marauder x5  
  170  24:18  Marauder x4  
  185  24:26  Marine x3  
  185  24:27  Marine  
  176  24:32  Marine  
  176  24:33  Marine x2  
  176  24:34  Refinery  
  176  24:35  Refinery, Marine  
  176  24:38  Refinery, Marauder x2  
  183  24:39  Marauder x7  
  183  24:40  Refinery  
  183  24:43  Medivac  
  183  24:44  Marine, Orbital Command x3  
  200  25:00  Marauder  
Show
View Real Time Build Order
Export as new Build Order

RubiSIO Terran - Winner!

Build Orders: Command Center First (CC), Mech 

Get SALT Encoding   

  12  0:01  SCV  
  13  0:13  SCV  
  14  0:25  SCV  
  15  0:52  Command Center  
  15  0:54  Supply Depot  
  15  1:12  Refinery  
  15  1:17  Barracks  
  15  1:20  Refinery  
  15  1:24  SCV  
  16  1:36  SCV  
  17  1:48  SCV  
  18  2:05  Factory  
  18  2:06  Orbital Command  
  18  2:11  Barracks Tech Lab  
  18  2:17  SCV  
  19  2:35  Factory  
  19  2:37  SCV  
  20  2:45  Barracks Tech Lab  
  20  2:52  SCV  
  21  3:01  Siege Tank  
  24  3:10  SCV  
  23  3:13  Orbital Command  
  23  3:17  Marine  
  23  3:22  SCV  
  21  3:34  SCV, Siege Tank  
  24  3:44  Marine  
  25  3:50  Refinery  
  25  3:52  SCV, Refinery  
  26  3:58  SCV  
  27  4:04  SCV  
  28  4:10  SCV  
  28  4:16  Siege Tank  
  32  4:18  SCV  
  32  4:22  SCV  
  34  4:28  Armory  
  34  4:30  SCV  
  35  4:34  SCV  
  36  4:40  Marine  
  36  4:43  SCV  
  38  4:55  SCV x2  
  38  4:59  Engineering Bay  
  40  5:07  Barracks  
  40  5:12  Supply Depot  
  40  5:13  SCV  
  40  5:14  SCV  
  42  5:16  Marine  
  43  5:21  Terran Vehicle Weapons Level 1  
  43  5:29  SCV x2  
  43  5:35  Supply Depot  
  45  5:38  Missile Turret  
  45  5:42  Missile Turret  
  45  5:47  SCV x2  
  47  6:01  SCV x2  
  49  6:08  Thor  
  55  6:14  Thor  
  55  6:16  SCV  
  62  6:22  Supply Depot  
  62  6:28  Supply Depot  
  62  6:34  Armory  
  62  6:44  SCV x2  
  62  6:46  Supply Depot  
  64  6:51  Barracks Tech Lab  
  64  6:53  Factory  
  64  6:55  Thor  
  64  6:56  SCV  
  71  7:09  Supply Depot  
  70  7:22  Terran Vehicle Weapons Level 2  
  70  7:24  Terran Vehicle And Ship Armor Level 1  
  70  7:26  Thor  
  77  7:30  SCV x2  
  77  7:33  Supply Depot  
  78  7:39  Sensor Tower  
  78  7:42  SCV x2  
  80  7:54  Thor  
  80  7:57  SCV  
  87  7:58  Missile Turret  
  87  8:07  Thor  
  93  8:14  Marine  
  93  8:19  Siege Tank  
  97  8:23  Supply Depot  
  97  8:31  Terran Infantry Weapons Level 1  
  97  8:34  Barracks Reactor  
  97  8:39  Siege Tank  
  100  8:46  Supply Depot  
  100  8:50  Thor  
  106  9:00  Command Center  
  106  9:06  Refinery  
  106  9:07  Thor  
  106  9:09  Supply Depot  
  112  9:10  Marine x2  
  112  9:13  Refinery  
  114  9:17  Supply Depot  
  114  9:22  Terran Vehicle And Ship Armor Level 2  
  114  9:28  Marine x2  
  114  9:30  Thor  
  117  9:36  SCV  
  101  9:46  Supply Depot  
  101  9:48  SCV  
  101  10:00  SCV  
  99  10:09  Thor  
  99  10:12  SCV  
  99  10:13  Missile Turret  
  100  10:17  Thor  
  100  10:24  SCV  
  101  10:31  Refinery  
  101  10:37  Orbital Command  
  101  10:47  Marine  
  101  10:49  SCV  
  103  11:06  SCV  
  104  11:15  Thor  
  104  11:17  SCV  
  110  11:39  Siege Tank x2  
  116  11:57  Marine  
  116  11:58  Marine  
  116  11:59  SCV  
  116  12:00  SCV  
  120  12:11  SCV  
  120  12:12  SCV  
  120  12:15  Marine x2  
  123  12:17  Siege Tank  
  127  12:23  SCV  
  127  12:24  SCV  
  127  12:27  Missile Turret  
  129  12:30  Command Center  
  129  12:33  Marine x2  
  129  12:35  SCV  
  129  12:36  SCV  
  133  12:45  Terran Vehicle Weapons Level 3  
  133  12:47  SCV  
  133  12:48  SCV  
  133  12:50  Terran Vehicle And Ship Armor Level 3  
  135  13:05  Thor  
  141  13:33  Supply Depot  
  141  13:36  Thor  
  141  13:38  Refinery  
  147  13:43  Orbital Command  
  147  13:50  Thor  
  153  13:56  Command Center  
  153  14:07  Refinery  
  153  14:08  Refinery  
  153  14:10  Missile Turret  
  141  14:44  Marine x2  
  100  14:45  Thor  
  99  15:02  Marine x2  
  99  15:03  Thor  
  99  15:04  Thor  
  113  15:13  Orbital Command  
  113  15:20  Supply Depot, Marine x2  
  115  15:38  Marine  
  116  16:10  Thor  
  116  16:11  Thor x2  
  134  16:12  Marine  
  134  16:13  Marine  
  134  16:17  Terran Infantry Armor Level 1  
  136  16:19  Supply Depot  
  136  16:23  Supply Depot  
  136  16:30  Marine x2  
  134  16:48  Marine x2  
  85  17:06  Marine x2  
  81  17:18  Factory  
  81  17:19  Factory  
  81  17:20  Factory  
  81  17:21  Factory  
  81  17:24  Armory  
  81  17:29  Marine  
  82  17:30  Marine  
  82  17:32  Thor x3  
  101  17:47  Marine x2  
  103  18:04  Factory Tech Lab  
  103  18:05  Factory Tech Lab x3, Marine x2  
  104  18:11  Supply Depot  
  105  18:17  Thor x3  
  123  18:23  Marine x2  
  91  18:35  Supply Depot  
  91  18:37  Thor x3  
  91  18:40  Marine  
  91  18:41  Marine  
  111  18:49  Thor  
  117  18:58  Supply Depot, Marine  
  117  18:59  Marine  
  119  19:03  Thor  
  125  19:16  Marine  
  125  19:17  Marine  
  126  19:20  Barracks  
  126  19:21  Supply Depot  
  126  19:22  Barracks  
  127  19:27  Thor  
  139  19:34  Marine x2  
  117  19:46  Thor  
  117  19:52  Marine x2  
  113  20:09  Marine  
  113  20:10  Marine  
  102  20:23  Factory Tech Lab, Marine  
  102  20:24  Marine  
  102  20:26  Thor x2  
  102  20:27  Marine  
  102  20:28  Marine  
  118  20:41  Marine x2  
  120  20:44  Command Center  
  120  20:45  Marine  
  120  20:46  Marine  
  122  20:55  Thor  
  128  20:57  Refinery  
  128  20:59  Marine x2  
  130  21:10  Thor  
  136  21:17  Marine x3  
  129  21:35  SCV x3  
  127  21:40  Marine x4  
  131  21:47  SCV x2  
  139  21:57  Marine  
  139  21:58  Marine x3  
  143  22:05  Siege Tank x5  
  152  22:11  Orbital Command  
  152  23:02  Siege Tank x5  
  152  23:03  Siege Tank, Marine x2  
  152  23:04  Orbital Command, Marine x2  
  174  23:14  Refinery  
  174  23:18  Refinery, Missile Turret  
  173  23:21  Marine x3  
  173  23:22  Marine  
  146  23:39  Marine x4  
  150  23:53  Thor  
  150  23:54  Thor x2  
  167  23:57  Marine x4  
  170  24:15  Marine x2  
  172  24:26  Thor x2  
  172  24:28  Marine x2  
  186  24:33  Marine x2  
  188  24:43  Thor  
  194  24:46  Marine x2  
  194  24:50  Marine  
  194  24:51  Marine  
  197  25:03  Marine  
  197  25:04  Marine  
  178  25:08  Marine x2  
  155  25:19  Thor  
  155  25:20  Thor  
  167  25:21  Marine  
  167  25:22  Marine  
  167  25:26  Marine x2  
  168  25:39  Marine  
  168  25:40  Marine  
  170  25:44  Marine x2  
  178  25:57  Marine x2  
Tags
 
Add a new tag
Caveats
  • Supply blocks, unpowered buildings, or Contaminate may cause inaccurate times.
  • Supply counts are checked every 10 seconds.